 Dungeon Crawl Stone Soup version 0.25.0-45-g978344163c (webtiles) character file.

Game seed: 570743539092074667

0 Descartes the Scratcher (level 1, 0/9 HPs)
             Began as a Felid Wanderer on July 11, 2020.
             Slain by a rat (2 damage)
             ... on level 1 of the Dungeon.
             The game lasted 00:00:28 (40 turns).

Descartes the Scratcher (Felid Wanderer)              Turns: 40, Time: 00:00:29

Health: 0/9        AC:  1    Str:  5    XL:     1   Next: 8%
Magic:  3/3        EV: 15    Int: 16    God:
Gold:   0          SH:  0    Dex: 15    Spells: 0/0 levels left
                                        Lives:  0   Deaths: 0

rFire    . . .     SeeInvis +     - Unarmed
rCold    . . .     Gourm    .   (shield unavailable)
rNeg     . . .     Faith    .   (armour unavailable)
rPois    .         Spirit   .   (helmet unavailable)
rElec    .         Reflect  .   (cloak unavailable)
rCorr    .         Harm     .   (gloves unavailable)
MR       .....                  (boots unavailable)
Stlth    ++........             (no amulet)
HPRegen  0.03/turn              (no ring)
MPRegen  0.08/turn              (no ring)

@: quick
A: very small, no armour, no weapons or thrown items, stealth, claws 1, fangs 3,
see invisible, carnivore, speed 1, shaggy fur 1, slow metabolism 1, sharp paws
a: no special abilities


You were on level 1 of the Dungeon.
You were not hungry.

You visited 1 branch of the dungeon, and saw 1 of its levels.

Inventory:

Scrolls
 b - a scroll of fear
 c - 2 scrolls of identify {unknown}
Potions
 a - a potion of heal wounds
Comestibles
 f - 2 rations


   Skills:
 - Level 1.0 Fighting
 + Level 0.0 Dodging
 * Level 0.1 Stealth
 * Level 4.0 Unarmed Combat
   Level 1.2 Charms
   Level 3.0 Translocations
   Level 2.1 Evocations


You couldn't memorise any spells.
You didn't know any spells.
Your spell library contained the following spells:

 Spells                   Type           Power        Failure   Level  Hunger
 Apportation              Tloc           #.....       8%          1    ##.....
 Infusion                 Chrm           #...         16%         1    ##.....
 Gell's Gravitas          Tloc           #.........   22%         3    ####...
 Ozocubu's Armour         Chrm/Ice       #.......     52%         3    ####...


Dungeon Overview and Level Annotations

Branches:
Dungeon (1/15)

Altars:


Innate Abilities, Weirdness & Mutations

You cannot wear armour.
You are incapable of wielding weapons or throwing items.
Your paws allow you to move quietly. (Stealth)
You have sharp claws.
You have razor-sharp teeth.
You have supernaturally acute eyesight. (SInv)
You are carnivorous and can eat meat at any time.
You cover ground quickly.
You are covered in fur. (AC +1)
You have a slow metabolism.
Your sharp claws are effective at attacking unaware monsters.


Message History

The kobold shouts!
The kobold misses you.
Found 16 sling bullets.
You barely miss the kobold. The kobold misses you.
A rat comes into view.
You closely miss the kobold. The rat barely misses you.
The kobold closely misses you.
You scratch the kobold but do no damage.
The rat bites you. The kobold barely misses you.
You barely miss the kobold. The rat bites you. The kobold hits you.
You are too injured to fight recklessly!
You are too injured to fight recklessly!
You scratch the kobold.
You kill the kobold!
The rat bites you. The rat bites you.
* * * LOW HITPOINT WARNING * * *
You see here a kobold corpse.
The rat bites you.
You die...

........#####..
......#........##.....
..(...#...............
......................
......................
................#...$.
...............###...
#...........###...
#..@†.............
#...r..r............
#...................
.....##.#....###......
..... #......# ......
..## ...?##...# ......
. .... #...........
.###.....##. #####
.....


You could see 2 rats.

Vanquished Creatures
  A kobold (D:1)
1 creature vanquished.

Notes
Turn   | Place    | Note
-------+----------+-------------------------------------------
     0 | D:1      | Descartes the Felid Wanderer began the quest for the Orb.
     0 | D:1      | Descartes set off with the following items: a potion of
                  | heal wounds, a scroll of fear, a ration; and the following
                  | spells available to memorise: Apportation, Infusion, Gell's
                  | Gravitas, Ozocubu's Armour
     0 | D:1      | Reached XP level 1. HP: 9/9 MP: 3/3
    40 | D:1      | Slain by a rat

Illustrated notes

Levels and vault maps discovered:
D:1:      tarquinn_simple_flora_water_d, layout_basic, hangedman_decor_points

Action                   || total
-------------------------++-------
Melee: Unarmed           ||     5
Dodge: Dodged            ||     5
